 Dungeon Crawl Stone Soup version 0.31-a0-1-g4198be8af4 (webtiles) character file.

Game seed: 13468757869594764056

17047 Essalna the Destroyer (level 12, -6/80 HPs)
             Began as a Tengu Fire Elementalist on May 3, 2023.
             Was a Priest of Vehumet.
             Shot with a bolt by an orc warrior (10 damage)
             ... on level 2 of the Orcish Mines.
             The game lasted 00:26:34 (14507 turns).

Essalna the Destroyer (Tengu Fire Elementalist)    Turns: 14507, Time: 00:26:34

Health: -6/80      AC: 12    Str: 10    XL:     12   Next: 43%
Magic:  23/28      EV: 29    Int: 25    God:    Vehumet [***...]
Gold:   721        SH:  0    Dex: 14    Spells: 4/18 levels left

rFire   + + .        I - +0 demon whip (venom)
rCold   + . .        (no shield)
rNeg    . . .        K - +2 leather armour {rC+}
rPois   .            B - +3 hat of Pondering {ponderous, Will+ MP+10 Int+5}
rElec   .            o - scarf {rC+ rF+}
rCorr   .            (no gloves)
SInv    .            (boots unavailable)
Will    +....        f - amulet of the acrobat
Stlth   ++           c - +4 ring of protection
HPRegen 0.33/turn    s - ring of fire
MPRegen 0.21/turn

%: acrobat
@: acrobatic, flying quickly and evasively
A: beak, talons 3, nimble flight
a: Renounce Religion


You were on level 2 of the Orcish Mines.
You worshipped Vehumet.
Vehumet was most pleased with you.
You visited 3 branches of the dungeon, and saw 12 of its levels.

You collected 721 gold pieces.

Inventory:

Hand Weapons
 p - a +2 dagger of venom
 C - a +3 spear of venom
 I - a +0 demon whip of venom (weapon)
Missiles
 r - a throwing net
Armour
 a - a +0 robe
 o - a scarf of resistance (worn)
 B - the +3 hat of Pondering (worn) {ponderous, Will+ MP+10 Int+5}
   (You took it off Gastronok on level 9 of the Dungeon)

   Int:       It affects your intelligence (+5).
   MP:        It affects your magic capacity (+10).
   Will:      It increases your willpower.
 F - a +2 ring mail of willpower
 K - a +2 leather armour of cold resistance (worn)
 M - a +2 robe of willpower
Jewellery
 c - a +4 ring of protection (left hand)
 f - an amulet of the acrobat (around neck)
 s - a ring of fire (right hand)
 w - a ring of protection from cold
 D - a +4 ring of slaying
Wands
 v - a wand of mindburst (19)
 G - a wand of digging (2)
 O - a wand of polymorph (5)
Scrolls
 g - a scroll of fear
 i - a scroll of teleportation
 j - 2 scrolls of enchant weapon
 k - a scroll of identify
 l - 2 scrolls of noise
 n - a scroll of vulnerability
 q - 4 scrolls of magic mapping
 u - a scroll of blinking
 y - 2 scrolls of amnesia
 A - a scroll of enchant armour
Potions
 b - 3 potions of magic
 d - 3 potions of flight {unknown}
 e - a potion of berserk rage
 h - 2 potions of curing {unknown}
 m - 4 potions of resistance {unknown}
 t - 5 potions of haste {unknown}
 x - a potion of cancellation {unknown}
 z - 2 potions of heal wounds {unknown}
 E - a potion of mutation {unknown}
 H - a potion of lignification {unknown}
 L - a potion of degeneration {unknown}
 N - 2 potions of might {unknown}


   Skills:
 + Level 11.4 Fighting
 - Level 2.1 Dodging
 - Level 2.0 Stealth
 + Level 3.8 Spellcasting
 + Level 14.7 Conjurations
 + Level 12.9 Fire Magic


You had 4 spell levels left.
You knew the following spells:

 Your Spells              Type           Power      Damage    Failure   Level
a - Foxfire               Conj/Fire      100%       2x1d9     1%          1
b - Scorch                Fire           100%       2d9       1%          2
c - Flame Wave            Conj/Fire      84%        2d18      1%          4
d - Orb of Destruction    Conj           34%        9d10      7%          7

Your spell library contained the following spells:

 Spells                   Type           Power      Damage    Failure   Level
 Ignite Poison            Fire/Tmut/Pois 39%        N/A       1%          3
 Magic Dart               Conj           100%       1d8       1%          1
 Inner Flame              Hex/Fire       53%        N/A       1%          3
 Mephitic Cloud           Conj/Pois/Air  29%        N/A       1%          3
 Volatile Blastmotes      Fire/Tloc      100%       2d18      1%          3
 Call Imp                 Summ           8%         N/A       19%         2
 Cigotuvi's Dreadful Rot  Necr/Pois/Air  8%         N/A       19%         2
 Ensorcelled Hibernation  Hex/Ice        8%         N/A       19%         2
 Passwall                 Tmut/Erth      3%         N/A       19%         2
 Summon Guardian Golem    Hex/Summ       4%         N/A       36%         3
 Swiftness                Air            4%         N/A       36%         3
 Dispel Undead            Necr           4%         3d7       77%         4
 Passage of Golubria      Tloc           4%         N/A       77%         4
 Spellforged Servitor     Conj/Summ      20%        N/A       75%         7
 Silence                  Hex/Air        2%         N/A       98%         5
 Death Channel            Necr           2%         N/A       100%        6
 Lehudib's Crystal Spear  Conj/Erth      20%        10d6      100%        8


Dungeon Overview and Level Annotations

Branches:
Dungeon (9/15)             Temple (1/1) D:7             Orc (2/2) D:9
   Lair: D:8-11         Elf: Orc:2

Altars:
Ashenzari
Cheibriados
Dithmenos
Elyvilon
Fedhas
Hepliaklqana
Kikubaaqudgha
Okawaru
Qazlal
Ru
Sif Muna
Trog
Uskayaw
Vehumet
Wu Jian
Xom
Yredelemnul
Zin
The Shining One

Shops:
Orc:2 (

Annotations:
D:5 Dowan, Duvessa
Temple 2 transporters


Innate Abilities, Weirdness & Mutations

You have a beak for a mouth.
You have claws for feet.
Your magical nature lets you fly swiftly and evasively.


Message History

You feel a surge of power!
A wave of flame ripples out!
The flame wave engulfs the orc high priest!!
The orc high priest is almost dead.
The flame wave engulfs the orc sorcerer!!
You kill the orc sorcerer!
Vehumet accepts your kill.
You feel your power returning.
The flame wave engulfs the orc warrior!
The orc warrior is severely wounded.
The flame wave engulfs the orc knight!
The orc knight is heavily wounded. (Press . to intensify the flame waves.)
The sixfirhy hits you! The sixfirhy shocks you! The sixfirhy hits you.
The sixfirhy shocks you!
* * * LOW HITPOINT WARNING * * *
The sixfirhy hits you but does no damage.
The orc warrior hits you with a +0 scimitar.
* * * LOW HITPOINT WARNING * * *
The orc high priest misses you.
The orc knight hits you with a +0 long sword!
* * * LOW HITPOINT WARNING * * *
The sixfirhy misses you.
A wave of flame ripples out!
The flame wave engulfs the sixfirhy!!
The sixfirhy is heavily wounded.
The flame wave engulfs the orc high priest!
You kill the orc high priest!
Vehumet accepts your kill.
You feel your power returning.
The flame wave engulfs the orc warrior!
You kill the orc warrior!
Vehumet accepts your kill.
The flame wave engulfs the orc knight.
The orc knight is severely wounded.
The flame wave engulfs the orc sorcerer.
The orc sorcerer is moderately wounded.
The sixfirhy barely misses you.
An orc warrior comes into view.
It is wielding a +0 battleaxe and wearing a +1 chain mail of cold resistance.
An orc priest comes into view. It is wielding a +0 club.
The orc warrior unwields a +0 battleaxe.
The orc warrior wields a +0 arbalest.
The orc warrior shoots a bolt.
The bolt hits you!
You die...

##$..... ...
#....... #...
#.....o. ...P.
.##.....##.....
..$...o)......P
.......o.......
.....$3))§.§..∩
#...)@§.)....
#.#..))o§§...8
.....o#).).P...
.P....$........
.P.P. .........
..o....o.oT....
.... ..##......
8o..P.o #....#


You could see an orc knight, a troll, a sixfirhy (summoned), an orc sorcerer
(strong), 5 orc warriors, an orc priest and 2 orcs.

Vanquished Creatures
  Gastronok (D:9)
  Erolcha (D:9)
  Erica (D:8)
  2 two-headed ogres (D:8)
  4 orc high priests
  Amaemon (D:8)
  Pikel (D:8)
  3 orc sorcerers (Orc:2)
  An orange demon (D:8)
  Joseph (D:8)
  A kobold demonologist (D:7)
  Psyche (D:8)
  A hornet (D:9)
  2 trolls
  A shadow (D:9)
  2 steam dragons
  Grum (D:8)
  4 vampire mosquitoes (D:9)
  A warg (Orc:2)
  2 water moccasins
  16 orc warriors
  A sky beast (D:7)
  3 ice beasts
  4 wolves (D:8)
  5 ogres
  7 centaurs
  A phantom (D:6)
  4 kobold brigands
  6 gnoll sergeants
  5 bullfrogs
  3 scorpions
  4 wights
  10 killer bees
  A jelly (D:4)
  2 howler monkeys
  2 gnoll boudas
  4 hounds
  14 orc priests
  A sleepcap (D:5)
  4 iguanas
  Natasha (D:3)
  21 orc wizards
  25 gnolls
  5 adders
  2 shadow imps
  An ufetubus (D:6)
  3 worms
  4 dart slugs
  57 orcs
  7 bats
  8 endoplasms
  2 giant cockroaches (D:1)
  7 goblins
  10 hobgoblins
  2 jackals (D:2)
  7 kobolds
  4 quokkas
  10 ball pythons
  4 frilled lizards
  7 rats
316 creatures vanquished.

Vanquished Creatures (others)
  A worm (D:4)
  1219 foxfires
  2 fungi (Orc:2)
1222 creatures vanquished.

Grand Total: 1538 creatures vanquished

Notes
Turn   | Place    | Note
-------+----------+-------------------------------------------
     0 | D:1      | Essalna the Tengu Fire Elementalist began the quest for the
                  | Orb.
     0 | D:1      | Reached XP level 1. HP: 10/10 MP: 4/4
   263 | D:1      | Reached XP level 2. HP: 16/16 MP: 6/6
   268 | D:1      | Reached skill level 2 in Conjurations
   404 | D:1      | Reached skill level 1 in Fighting
   626 | D:1      | Reached XP level 3. HP: 20/20 MP: 4/7
  1068 | D:2      | Found an ancient bone altar of Kikubaaqudgha.
  1670 | D:2      | Identified the +5 scale mail "Ubbib" {Str+4}
  1860 | D:2      | Reached skill level 3 in Conjurations
  2072 | D:3      | Reached XP level 4. HP: 11/26 MP: 1/8
  2220 | D:3      | Found a faded altar of an unknown god.
  2222 | D:3      | Noticed a golden eye
  2222 | D:3      | Noticed a shining eye
  2229 | D:3      | Noticed a shining eye
  2273 | D:3      | Noticed a shining eye
  2354 | D:3      | Gained mutation: Your magical nature lets you fly swiftly
                  | and evasively. [Tengu growth]
  2354 | D:3      | Reached XP level 5. HP: 15/30 MP: 1/9
  2610 | D:3      | Reached skill level 4 in Conjurations
  3116 | D:3      | Noticed Natasha
  3121 | D:3      | Killed Natasha
  3393 | D:4      | Noticed an ice beast
  3397 | D:4      | Killed an ice beast
  3398 | D:4      | Reached skill level 5 in Fire Magic
  3398 | D:4      | Reached XP level 6. HP: 37/37 MP: 0/10
  3439 | D:4      | Reached skill level 5 in Conjurations
  4033 | D:4      | Reached XP level 7. HP: 24/42 MP: 6/11
  4310 | D:4      | Reached skill level 6 in Conjurations
  4600 | D:5      | Entered Level 5 of the Dungeon
  5184 | D:5      | Reached skill level 5 in Fighting
  5184 | D:5      | Reached XP level 8. HP: 49/49 MP: 5/12
  5301 | D:5      | Learned a level 2 spell: Scorch
  5306 | D:5      | Learned a level 4 spell: Flame Wave
  5398 | D:5      | Reached skill level 7 in Conjurations
  5631 | D:5      | Noticed Duvessa
  5631 | D:5      | Noticed Dowan
  6285 | D:6      | Reached skill level 8 in Conjurations
  7095 | D:7      | Noticed a kobold demonologist
  7171 | D:7      | Reached XP level 9. HP: 39/55 MP: 2/13
  7385 | D:7      | Killed a kobold demonologist
  7386 | D:7      | Reached skill level 9 in Conjurations
  7611 | D:7      | Found a large runed translucent door.
  7638 | D:7      | Found a staircase to the Ecumenical Temple.
  7647 | Temple   | Entered the Ecumenical Temple
  7647 | Temple   | Found a transporter.
  7647 | Temple   | Found a transporter.
  7649 | Temple   | Found a transporter.
  7649 | Temple   | Found a transporter.
  7664 | Temple   | Became a worshipper of Vehumet
  8017 | D:7      | Found a large runed translucent door.
  8122 | D:7      | Reached skill level 10 in Conjurations
  8777 | D:7      | Reached XP level 10. HP: 64/64 MP: 8/14
  8857 | D:7      | Found a shimmering blue altar of Sif Muna.
  8860 | D:7      | Found a glowing silver altar of Zin.
  8900 | D:8      | Noticed a two-headed ogre
  8978 | D:8      | Noticed Grum
  8982 | D:8      | Noticed a two-headed ogre
  8985 | D:8      | Killed Grum
  8986 | D:8      | Reached skill level 11 in Conjurations
  9348 | D:8      | Reached * piety under Vehumet
  9348 | D:8      | Offered knowledge of Shock by Vehumet.
  9463 | D:8      | Killed a two-headed ogre
  9464 | D:8      | Reached skill level 10 in Fire Magic
  9538 | D:8      | Noticed Joseph
  9676 | D:8      | Killed Joseph
  9917 | D:8      | Noticed Amaemon
 10143 | D:8      | Killed Amaemon
 10144 | D:8      | Reached skill level 12 in Conjurations
 10148 | D:8      | Noticed an orange demon
 10334 | D:8      | Killed an orange demon
 10420 | D:8      | Found a hide-covered altar of Uskayaw.
 10429 | D:8      | Found a basalt altar of Yredelemnul.
 10705 | D:8      | Noticed Erica
 10711 | D:8      | Killed Erica
 10712 | D:8      | Reached XP level 11. HP: 71/71 MP: 3/15
 10847 | D:8      | Noticed Pikel
 10863 | D:8      | Killed Pikel
 10958 | D:8      | Killed a two-headed ogre
 11035 | D:9      | Noticed Psyche
 11144 | D:9      | Noticed Erolcha
 11259 | D:8      | Killed Psyche
 11260 | D:8      | Reached skill level 10 in Fighting
 11260 | D:8      | Reached skill level 13 in Conjurations
 11786 | D:9      | Killed Erolcha
 12446 | D:9      | Found a staircase to the Orcish Mines.
 12471 | D:9      | Offered knowledge of Sandblast by Vehumet.
 12475 | D:9      | Reached ** piety under Vehumet
 12985 | D:9      | Noticed Gastronok
 13333 | D:9      | Killed Gastronok
 13482 | D:9      | Reached skill level 14 in Conjurations
 13738 | D:9      | Learned a level 7 spell: Orb of Destruction
 13800 | Orc:1    | Entered Level 1 of the Orcish Mines
 13804 | Orc:1    | Noticed an orc high priest
 13814 | Orc:1    | Killed an orc high priest
 13815 | Orc:1    | Reached XP level 12. HP: 68/80 MP: 15/16
 13818 | Orc:1    | Offered knowledge of Ignite Poison by Vehumet.
 14095 | Orc:2    | Entered Level 2 of the Orcish Mines
 14257 | Orc:1    | Reached *** piety under Vehumet
 14495 | Orc:2    | Noticed an orc high priest
 14495 | Orc:2    | Found Sosuysh's Antique Weapon Shoppe.
 14496 | Orc:2    | Noticed an orc high priest
 14496 | Orc:2    | Noticed an orc high priest
 14499 | Orc:2    | Killed an orc high priest
 14501 | Orc:2    | Noticed a sun demon
 14505 | Orc:2    | Killed an orc high priest
 14506 | Orc:2    | HP: 4/80 [orc knight/+0 long sword (16)]
 14507 | Orc:2    | Killed an orc high priest
 14507 | Orc:2    | Shot with a bolt by an orc warrior

Illustrated notes

Levels and vault maps discovered:
D:1:      dpeg_arrival_connections, layout_loops_ring, minmay_tall_x
D:2:      minmay_razor_zed, layout_rooms, basic_altar
D:3:      layout_basic, hellmonk_ecumenical_altar_watching_god,
          kennysheep_generic_room_11, uniq_natasha
D:4:      layout_basic, nrook_campfire, interstate_on_off
D:5:      layout_basic, uniq_duvessa
D:6:      layout_basic
D:7:      layout_gridville, jmf_multi_god_temple2, minmay_temple_entry_arrows
D:8:      layout_basic, minitemple, kennysheep_big_empty_room,
          small_statue_intersection, uniq_erica, uniq_grum, uniq_amaemon,
          uniq_joseph, uniq_pikel
D:9:      layout_cave_pools, kennysheep_orc_monster_closet_entryway,
          minmay_crystal_room, st_stairs_14, uniq_gastronok, uniq_erolcha,
          uniq_psyche
Temple:   hellmonk_temple_divided_pantheon
Orc:1:    layout_caves
Orc:2:    grunt_orc_gardens, layout_diamond_mine, grunt_orc_garden,
          grunt_orc_garden, grunt_orc_garden, grunt_orc_garden

Skill      XL: |  1  2  3  4  5  6  7  8  9 10 11 12 |
---------------+-------------------------------------+-----
Conjurations   | 2 3 4 5 6 8 10 12 14 | 14.7
Fighting       | 1 2 3 5 6 7 9 11 | 11.4
Fire Magic     | 4 5 6 7 9 10 12 | 12.9
Spellcasting   | 3 |  3.8
Dodging        | |  2.1
Stealth        | |  2.0

Action                     |  1- 3 |  4- 6 |  7- 9 | 10-12 || total
---------------------------+-------+-------+-------+-------++-------
  Melee: Unarmed           |    30 |     7 |       |       ||    37
         Kick              |    12 |    11 |    10 |    12 ||    45
         Peck              |     2 |     7 |     5 |     8 ||    22
         Punch             |     1 |       |       |     1 ||     2
         Dagger            |       |    23 |     5 |       ||    28
         Spear             |       |       |    27 |    11 ||    38
         Demon whip        |       |       |       |    31 ||    31
   Cast: Foxfire           |    90 |   102 |   273 |   259 ||   724
         Scorch            |       |       |    10 |    35 ||    45
         Flame Wave        |       |       |     3 |    31 ||    34
    Use: Scroll            |       |       |       |    12 ||    12
   Stab: Sleeping          |       |     1 |     2 |       ||     3
 Armour: Robe              |    13 |     8 |     7 |    15 ||    43
         Leather armour    |       |       |       |     9 ||     9
  Dodge: Dodged            |    25 |    27 |    37 |   140 ||   229

Table legend: (Time is in decaauts)
 A = Elapsed time spent in this place.
 B = Non-inter-level travel time spent in this place.
 C = Inter-level travel time spent in this place.
 D = Time resting spent in this place.
 E = Time spent auto-exploring this place.
 F = Levels seen in this place.
 G = Mean time per level.
                   A        B        C        D        E       F      G
               +--------+--------+--------+--------+--------+-----+--------+
         Total |  14089 |  13455 |    634 |   1736 |   9743 |  12 | 1174.1 |
       Dungeon |  13347 |  12764 |    583 |   1646 |   9269 |   9 | 1483.0 |
        Temple |     34 |     26 |      8 |      0 |      0 |   1 |   34.0 |
  Orcish Mines |    708 |    665 |     43 |     90 |    474 |   2 |  354.0 |
               +--------+--------+--------+--------+--------+-----+--------+

Top non-repeatable levels by time:
     D:8: 2425 daAuts
     D:7: 2140 daAuts
     D:9: 1653 daAuts
     D:6: 1616 daAuts
     D:3: 1259 daAuts
     D:2: 1238 daAuts
     D:4: 1080 daAuts
     D:5: 1002 daAuts
     D:1: 931 daAuts
   Orc:1: 634 daAuts
   Orc:2: 73 daAuts
  Temple: 34 daAuts
